 Dungeon Crawl Stone Soup version 0.23.2 (webtiles) character file.

Game seed: 7632503631612309871

755 Leeroy the Geomancer (level 8, 0/54 HPs)
             Began as a Formicid Earth Elementalist on Apr 12, 2019.
             Was a Priest of Cheibriados.
             Slain by a gnoll
             ... wielding a cursed -1 spear
              (5 damage)
             ... on level 3 of the Dungeon.
             The game lasted 00:15:11 (3515 turns).

Leeroy the Geomancer (Formicid Earth Elementalist)  Turns: 3515, Time: 00:15:14

Health: 0/54       AC:  5    Str: 20 (21) XL:     8   Next: 7%
Magic:  7/11       EV: 11    Int: 24 (25) God:    Cheibriados [***...]
Gold:   201        SH:  9    Dex: 22      Spells: 3/11 levels left

rFire    . . .     SeeInvis +   g - +2 spear (freeze)
rCold    . . .     Gourm    .   a - -2 shield (curse)
rNeg     . . .     Faith    .   m - +2 robe
rPois    .         Spirit   .   (helmet unavailable)
rElec    .         Reflect  .   (no cloak)
rCorr    .         Harm     .   (no gloves)
MR       .....                  k - +0 pair of boots
Stlth    +++.......             (no amulet)
HPRegen  0.18/turn              (no ring)
MPRegen  0.12/turn              (no ring)

@: very slightly contaminated, very slow
A: permanent stasis, dig shafts and tunnels, four strong arms, antennae 3, agile
2, clever 1, wild magic 1, evolution 1
a: Dig, Shaft Self, Bend Time, Temporal Distortion, Renounce Religion


You were on level 3 of the Dungeon.
You worshipped Cheibriados.
Cheibriados was most pleased with you.
You were not hungry.

You visited 1 branch of the dungeon, and saw 3 of its levels.

You collected 201 gold pieces.

Inventory:

Hand Weapons
 e - a +0 dagger
 g - a +2 spear of freezing (weapon)
 j - a +0 whip
 E - a +0 falchion
Missiles
 b - 313 stones (quivered)
 w - 32 poisoned needles
 D - 47 arrows
Armour
 a - a cursed -2 shield (worn)
 c - a +0 robe
 k - a +0 pair of boots (worn)
 m - a +2 robe (worn)
 o - a +0 leather armour
 y - +0 pearl dragon scales
Jewellery
 p - an uncursed ring of positive energy {unknown}
 u - an uncursed ring of positive energy {unknown}
Wands
 v - a wand of paralysis (11)
Scrolls
 f - a scroll of fear {unknown}
 h - 5 scrolls of remove curse {unknown}
 i - a scroll of fog
 n - a scroll of amnesia {unknown}
 r - 2 scrolls of immolation {unknown}
 s - a scroll of noise {unknown}
 t - 6 scrolls of identify {unknown}
 z - a scroll of blinking
 A - a scroll of enchant armour {unknown}
 C - 2 scrolls of teleportation {unknown}
Potions
 l - a potion of flight
 x - a potion of lignification {unknown}
 B - a potion of mutation
Comestibles
 d - 8 rations


   Skills:
 * Level 1.6 Fighting
 - Level 1.1 Polearms
 - Level 1.7 Dodging
 - Level 2.4 Stealth
 - Level 4.6 Shields
 - Level 2.1 Spellcasting
 * Level 2.6 Conjurations
 + Level 1.4 Transmutations
 * Level 8.1 Earth Magic
 * Level 0.2 Invocations


You had 3 spell levels left.
You knew the following spells:

 Your Spells              Type           Power        Failure   Level  Hunger
a - Sandblast             Erth           ######       2%          1    None
b - Stone Arrow           Conj/Erth      #####.       14%         3    ###....
c - Petrify               Tmut/Erth      ####....     47%         4    ####...

Your spell library contained the following spells:

 Spells                   Type           Power        Failure   Level  Hunger
 Passwall                 Tmut/Erth      ####....     10%         2    ##.....
 Lee's Rapid Deconstruct  Erth           ######....   38%         5    ######.


Dungeon Overview and Level Annotations

Branches:
Dungeon (3/15)

Altars:
Cheibriados
Fedhas
Wu Jian
The Shining One


Innate Abilities, Weirdness & Mutations

You cannot be hasted, slowed, berserked, paralysed or teleported.
You can dig through walls and to a lower floor.
Your four strong arms can wield two-handed weapons with a shield.
You have a pair of large antennae on your head. (SInv)
You are very agile. (Dex +4)
Your mind is acute. (Int +2)
Your spells are a little harder to cast, but a little more powerful.
You evolve.


Message History

The gnoll hits you from afar with a +0 halberd!
* * * LOW HITPOINT WARNING * * *
The gnoll hits you but does no damage.
It was a potion of curing.
You feel better.
The kobold unwields a +0 blowgun.
You block the kobold's attack. The kobold barely misses you.
The gnoll closely misses you. The gnoll barely misses you.
The flow of time bends around you.
Cheibriados rebukes the kobold.
The kobold seems to slow down.
Cheibriados rebukes the kobold.
The kobold seems to slow down.
You feel slightly more hungry. The gnoll hits you but does no damage.
You hit the kobold. You freeze the kobold.
You kill the kobold!
Cheibriados appreciates the change of pace.
The gnoll hits you from afar with a +0 halberd!
* * * LOW HITPOINT WARNING * * *
The kobold barely misses you.
The gnoll hits you from afar with a cursed -1 spear.
You die...

##### #### ########$$.#
...## ##......#...#
....###.......#g.g
.....#........##K#
.....#.........)@#
.....'...........#
.....#...........#
.....#........##'#
....###..))...#...#≈≈≈≈≈≈≈#
...## ##....÷.#...#≈≈≈≈≈≈≈#
###############...#≈≈≈≈≈≈≈#
≈≈≈≈≈≈≈≈≈≈≈≈≈≈#####≈≈≈≈≈≈≈#
≈≈≈≈≈≈≈≈≈≈≈≈≈≈≈≈≈≈≈≈≈≈≈≈≈≈#


You could see 2 gnolls and a kobold.

Vanquished Creatures
  Grinder (D:3)
  4 big kobolds (D:3)
  A bullfrog zombie (D:3)
  An orc priest (D:3)
  Jessica (D:2)
  Natasha (thrice) (D:3)
  2 adders (D:3)
  3 gnolls (D:3)
  4 orcs
  3 giant cockroaches (D:2)
  5 goblins
  6 hobgoblins (D:3)
  6 jackals
  30 kobolds
  2 quokkas (D:3)
  5 bats
  2 frilled lizards (D:1)
  7 rats
86 creatures vanquished.

Notes
Turn   | Place    | Note
-------+----------+-------------------------------------------
     0 | D:1      | Leeroy the Formicid Earth Elementalist began the quest for
                  | the Orb.
     0 | D:1      | Reached XP level 1. HP: 13/13 MP: 3/3
   190 | D:1      | Reached skill level 4 in Earth Magic
   192 | D:1      | Reached XP level 2. HP: 9/19 MP: 5/5
   808 | D:1      | Reached skill level 1 in Shields
  1119 | D:2      | Found a snail-covered altar of Cheibriados.
  1120 | D:2      | Noticed Jessica
  1131 | D:2      | Killed Jessica
  1131 | D:2      | Reached XP level 3. HP: 18/24 MP: 4/6
  1136 | D:2      | Learned a level 3 spell: Stone Arrow
  1177 | D:2      | Reached skill level 5 in Earth Magic
  1201 | D:2      | Found an ornate altar of the Wu Jian Council.
  1311 | D:2      | Found a faded altar of an unknown god.
  1347 | D:2      | Became a worshipper of Cheibriados the Contemplative
  1347 | D:2      | Reached * piety under Cheibriados
  1459 | D:2      | Reached XP level 4. HP: 30/30 MP: 7/7
  1783 | D:3      | Reached skill level 1 in Polearms
  1853 | D:3      | Found a glowing golden altar of the Shining One.
  1853 | D:3      | Noticed Natasha
  1858 | D:3      | Killed Natasha
  1858 | D:3      | Reached XP level 5. HP: 25/35 MP: 8/8
  1864 | D:3      | Reached ** piety under Cheibriados
  2025 | D:3      | Reached skill level 6 in Earth Magic
  2310 | D:3      | Learned a level 4 spell: Petrify
  2497 | D:3      | Reached XP level 6. HP: 27/41 MP: 9/9
  2664 | D:3      | Found a blossoming altar of Fedhas.
  2692 | D:3      | Noticed Natasha
  2716 | D:3      | Killed Natasha
  2774 | D:3      | Noticed Natasha
  2776 | D:3      | Noticed Grinder
  2780 | D:3      | Killed Natasha
  2780 | D:3      | Reached skill level 1 in Conjurations
  2846 | D:3      | Gained mutation: Your spells are a little harder to cast,
                  | but a little more powerful. [potion of mutation]
  2846 | D:3      | Gained mutation: You are agile. (Dex +2) [potion of
                  | mutation]
  2846 | D:3      | Gained mutation: You evolve. [potion of mutation]
  2846 | D:3      | Gained mutation: You are very agile. (Dex +4) [potion of
                  | mutation]
  2874 | D:3      | Killed Grinder
  2874 | D:3      | Reached skill level 7 in Earth Magic
  2874 | D:3      | Reached XP level 7. HP: 14/46 MP: 4/10
  2925 | D:3      | Reached *** piety under Cheibriados
  3001 | D:3      | Gained mutation: Your mind is acute. (Int +2) [evolution]
  3147 | D:3      | HP: 1/46 [big kobold/+0 club (5)]
  3207 | D:3      | Reached skill level 1 in Fighting
  3508 | D:3      | Reached skill level 8 in Earth Magic
  3508 | D:3      | Reached XP level 8. HP: 22/54 MP: 8/11
  3515 | D:3      | Slain by a gnoll

Skill      XL: |  1  2  3  4  5  6  7 |
---------------+----------------------+-----
Earth Magic    | 4 5 6 7 8 |  8.1
Shields        | 1 2 3 4 |  4.6
Polearms       | 1 |  1.1
Conjurations   | 1 2 |  2.6
Fighting       | 1 |  1.6
Dodging        | |  1.7
Stealth        | |  2.4
Spellcasting   | |  2.1
Transmutations | |  1.4
Invocations    | |  0.2

Action                   |  1- 3 |  4- 6 |  7- 9 || total
-------------------------+-------+-------+-------++-------
Melee: Spear             |    60 |   129 |    72 ||   261
       Dagger            |       |       |     1 ||     1
 Cast: Sandblast         |     5 |     6 |     8 ||    19
       Stone Arrow       |       |     4 |     2 ||     6
Invok: Bend Time         |       |     1 |     1 ||     2
  Use: Scroll            |     2 |       |       ||     2
       Potion            |       |     3 |     3 ||     6
 Stab: Sleeping          |     3 |     2 |       ||     5
       Distracted        |       |       |     1 ||     1
  Eat: Chunk             |     2 |     1 |       ||     3
       Ration            |       |       |     1 ||     1
Armor: Robe              |    19 |    32 |    22 ||    73
Dodge: Dodged            |    32 |    73 |    60 ||   165
Block: Shield            |    11 |    55 |    62 ||   128
